[ AOE2 MATCH · #507174612 ]
UnrankedBurgundians vs Persians
Rival team · LOSS
[ REPLAY ANALYSIS · EXTRACTED FROM THE RECORDED GAME ]
Feudal
9:49
Castle
22:30
Imperial
37:02
| APM avg | 63.2 |
| APM peak | 115 |
| eAPM avg | 36.1 |
| Villagers / military | 128 / 320 |
Focus
⚔️ 43.2% · 🌾 56.8%
Spearman ×155 · Skirmisher ×120 · Archer ×23 · Coustillier ×11 · Trebuchet (Packed) ×6 · Monk ×4
Feudal
10:25
Castle
22:45
Imperial
37:36
| APM avg | 52.0 |
| APM peak | 81 |
| eAPM avg | 28.7 |
| Villagers / military | 135 / 207 |
Focus
⚔️ 52.5% · 🌾 47.5%
Hand Cannoneer ×65 · Scout Cavalry ×53 · Archer ×51 · Knight ×20 · Bombard Cannon ×6 · Monk ×4
Match map
Initial resources + every placement click. Lines = walls · curves = elevation contours. ◆ gold · ⬟ stone · ● berries · ✦ relic · ◌ wall gap
Your base· ✓ Closed at 22:30 · 56t walls · 2 gate(s)
minhcrypto91's base· Open — 2t gap
Smoothed initial terrain · ◌ = detected wall gap · hover for details
Inputs per minute
— troll_oscuro - - minhcrypto91
Build order — troll_oscuro
First 150 of 508 actions detected
| 0:00 | Queue | Villager (Male) |
| 0:00 | Queue | Villager (Male) |
| 0:01 | Build | House |
| 0:02 | Build | House |
| 0:06 | Queue | Villager (Male) |
| 0:06 | Queue | Villager (Male) |
| 1:30 | Queue | Villager (Male) |
| 2:01 | Queue | Villager (Male) |
| 2:02 | Queue | Villager (Male) |
| 2:26 | Queue | Villager (Male) |
| 2:26 | Queue | Villager (Male) |
| 2:42 | Queue | Villager (Male) |
| 2:42 | Queue | Villager (Male) |
| 2:43 | Queue | Villager (Male) |
| 2:43 | Queue | Villager (Male) |
| 3:09 | Build | Lumber Camp |
| 3:29 | Queue | Villager (Male) |
| 3:37 | Build | House |
| 3:41 | Build | House |
| 4:03 | Queue | Villager (Male) |
| 4:30 | Queue | Villager (Male) |
| 4:51 | Research | Double-Bit Axe |
| 5:01 | Queue | Villager (Male) |
| 5:01 | Queue | Villager (Male) |
| 5:01 | Queue | Villager (Male) |
| 5:49 | Research | Loom |
| 6:12 | Queue | Villager (Male) |
| 6:35 | Queue | Villager (Male) |
| 6:45 | Build | Mining Camp |
| 7:04 | Queue | Villager (Male) |
| 7:39 | Research | Feudal Age |
| 7:39 | Research | Feudal Age |
| 7:45 | Build | Palisade Wall |
| 8:00 | Build | Palisade Wall |
| 8:01 | Build | Palisade Wall |
| 8:02 | Build | Palisade Wall |
| 8:09 | Build | Barracks |
| 8:11 | Queue | Villager (Male) |
| 8:27 | Build | Palisade Wall |
| 8:28 | Build | Palisade Wall |
| 8:28 | Build | Palisade Wall |
| 8:29 | Build | Palisade Wall |
| 8:30 | Build | Palisade Wall |
| 8:31 | Build | Palisade Wall |
| 9:05 | Queue | Villager (Male) |
| 9:10 | Build | Palisade Wall |
| 9:11 | Build | Palisade Wall |
| 9:12 | Build | Palisade Wall |
| 9:14 | Build | Palisade Wall |
| 9:49 | Age | Feudal Age |
| 9:50 | Build | Archery Range |
| 9:59 | Research | Bow Saw |
| 9:59 | Research | Bow Saw |
| 10:10 | Queue | Villager (Male) |
| 10:24 | Queue | Archer |
| 10:24 | Queue | Archer |
| 10:40 | Build | Mill |
| 10:51 | Build | House |
| 10:57 | Queue | Archer |
| 11:13 | Queue | Villager (Male) |
| 11:32 | Build | Farm |
| 11:33 | Build | Farm |
| 11:36 | Build | Farm |
| 11:46 | Queue | Archer |
| 11:49 | Queue | Villager (Male) |
| 11:50 | Queue | Villager (Male) |
| 11:52 | Build | Farm |
| 12:13 | Build | House |
| 12:16 | Build | Farm |
| 12:19 | Queue | Villager (Male) |
| 12:49 | Queue | Archer |
| 12:49 | Queue | Archer |
| 12:51 | Build | Farm |
| 12:54 | Build | House |
| 13:02 | Queue | Villager (Male) |
| 13:03 | Research | Horse Collar |
| 13:22 | Queue | Villager (Male) |
| 13:24 | Build | Farm |
| 13:33 | Queue | Archer |
| 13:38 | Queue | Villager (Male) |
| 13:56 | Build | Blacksmith |
| 14:08 | Queue | Skirmisher |
| 14:13 | Queue | Villager (Male) |
| 14:20 | Queue | Villager (Male) |
| 14:33 | Research | Fletching |
| 14:34 | Research | Fletching |
| 14:48 | Build | Farm |
| 14:53 | Build | Farm |
| 14:54 | Queue | Villager (Male) |
| 15:01 | Build | House |
| 15:24 | Build | Farm |
| 15:36 | Queue | Villager (Male) |
| 15:38 | Build | Farm |
| 15:39 | Queue | Villager (Male) |
| 15:43 | Build | House |
| 15:48 | Queue | Archer |
| 15:48 | Queue | Archer |
| 15:59 | Build | Palisade Wall |
| 16:00 | Build | Palisade Wall |
| 16:01 | Build | Palisade Wall |
| 16:01 | Build | Palisade Wall |
| 16:04 | Queue | Villager (Male) |
| 16:05 | Build | Farm |
| 16:17 | Build | Farm |
| 16:34 | Build | Farm |
| 16:35 | Queue | Villager (Male) |
| 16:47 | Queue | Archer |
| 16:50 | Queue | Villager (Male) |
| 16:52 | Build | Farm |
| 16:58 | Build | Palisade Wall |
| 17:02 | Build | Farm |
| 17:03 | Queue | Villager (Male) |
| 17:19 | Build | Farm |
| 17:30 | Build | Palisade Gate |
| 17:53 | Build | Farm |
| 17:54 | Queue | Villager (Male) |
| 18:12 | Build | House |
| 18:16 | Queue | Archer |
| 18:18 | Build | Farm |
| 18:19 | Queue | Villager (Male) |
| 18:36 | Build | House |
| 18:36 | Build | House |
| 18:55 | Build | Farm |
| 18:56 | Queue | Villager (Male) |
| 19:17 | Build | Lumber Camp |
| 19:21 | Build | Palisade Wall |
| 19:50 | Research | Castle Age |
| 19:50 | Research | Castle Age |
| 19:55 | Queue | Archer |
| 20:11 | Build | Palisade Wall |
| 20:14 | Build | Palisade Wall |
| 20:17 | Build | Palisade Wall |
| 20:21 | Queue | Archer |
| 20:23 | Research | Gold Mining |
| 20:23 | Research | Gold Mining |
| 20:34 | Queue | Archer |
| 20:47 | Research | Padded Archer Armor |
| 20:47 | Research | Padded Archer Armor |
| 21:08 | Build | Palisade Gate |
| 21:12 | Queue | Archer |
| 21:15 | Build | Palisade Wall |
| 21:17 | Build | House |
| 21:33 | Queue | Villager (Male) |
| 21:48 | Queue | Archer |
| 21:59 | Build | House |
| 22:00 | Build | House |
| 22:30 | Age | Castle Age |
| 22:30 | Research | Crossbowman (upgrade) |
| 22:31 | Research | Crossbowman (upgrade) |
| 22:31 | Research | Bodkin Arrow |
Build order — minhcrypto91
First 150 of 571 actions detected
| 0:01 | Queue | Villager (Male) |
| 0:01 | Queue | Villager (Male) |
| 0:02 | Build | House |
| 0:03 | Build | House |
| 0:10 | Queue | Villager (Male) |
| 0:10 | Queue | Villager (Male) |
| 0:10 | Queue | Villager (Male) |
| 1:23 | Queue | Villager (Male) |
| 2:14 | Queue | Villager (Male) |
| 2:14 | Queue | Villager (Male) |
| 2:17 | Build | Lumber Camp |
| 2:53 | Queue | Villager (Male) |
| 2:53 | Queue | Villager (Male) |
| 3:18 | Build | House |
| 3:45 | Queue | Villager (Male) |
| 3:59 | Queue | Villager (Male) |
| 3:59 | Queue | Villager (Male) |
| 3:59 | Queue | Villager (Male) |
| 3:59 | Queue | Villager (Male) |
| 4:23 | Build | House |
| 4:39 | Queue | Villager (Male) |
| 5:00 | Build | Barracks |
| 5:42 | Queue | Villager (Male) |
| 5:53 | Queue | Militia |
| 5:54 | Queue | Militia |
| 6:00 | Build | House |
| 6:04 | Queue | Villager (Male) |
| 6:11 | Queue | Militia |
| 6:30 | Queue | Villager (Male) |
| 6:38 | Build | House |
| 6:40 | Queue | Villager (Male) |
| 6:58 | Build | Mill |
| 7:00 | Queue | Villager (Male) |
| 7:19 | Research | Loom |
| 7:19 | Research | Loom |
| 7:42 | Queue | Villager (Male) |
| 7:59 | Build | Farm |
| 8:11 | Research | Feudal Age |
| 8:43 | Queue | Villager (Male) |
| 9:11 | Build | Mining Camp |
| 9:37 | Build | Farm |
| 10:12 | Build | Lumber Camp |
| 10:18 | Queue | Villager (Male) |
| 10:25 | Age | Feudal Age |
| 10:27 | Build | Archery Range |
| 10:31 | Queue | Villager (Male) |
| 10:35 | Research | Double-Bit Axe |
| 10:35 | Research | Double-Bit Axe |
| 10:38 | Build | House |
| 10:54 | Queue | Villager (Male) |
| 11:15 | Queue | Villager (Male) |
| 11:21 | Queue | Archer |
| 11:34 | Build | Archery Range |
| 11:36 | Queue | Archer |
| 11:47 | Build | Palisade Wall |
| 11:47 | Build | Palisade Wall |
| 11:53 | Queue | Villager (Male) |
| 11:59 | Queue | Archer |
| 12:15 | Build | Farm |
| 12:23 | Build | Blacksmith |
| 12:29 | Queue | Villager (Male) |
| 12:32 | Queue | Archer |
| 12:40 | Build | Palisade Wall |
| 12:52 | Queue | Villager (Male) |
| 13:04 | Queue | Archer |
| 13:04 | Queue | Archer |
| 13:16 | Research | Fletching |
| 13:16 | Research | Fletching |
| 13:18 | Queue | Villager (Male) |
| 13:26 | Build | Palisade Wall |
| 13:28 | Build | Palisade Wall |
| 13:29 | Build | Palisade Wall |
| 13:34 | Build | Farm |
| 13:37 | Queue | Archer |
| 13:52 | Queue | Villager (Male) |
| 13:55 | Build | House |
| 14:14 | Queue | Villager (Male) |
| 14:16 | Build | Farm |
| 14:19 | Build | House |
| 14:28 | Queue | Villager (Male) |
| 14:33 | Build | Palisade Wall |
| 14:42 | Queue | Villager (Male) |
| 14:43 | Build | Farm |
| 14:50 | Build | House |
| 14:57 | Queue | Archer |
| 14:57 | Queue | Archer |
| 14:58 | Queue | Villager (Male) |
| 15:08 | Queue | Archer |
| 15:10 | Queue | Villager (Male) |
| 15:23 | Build | Farm |
| 15:25 | Build | Farm |
| 15:34 | Build | Farm |
| 15:35 | Queue | Archer |
| 15:36 | Queue | Archer |
| 15:39 | Build | Farm |
| 15:49 | Queue | Villager (Male) |
| 15:57 | Build | House |
| 16:07 | Build | Farm |
| 16:09 | Build | Farm |
| 16:21 | Build | House |
| 16:22 | Build | Palisade Wall |
| 16:26 | Build | Farm |
| 16:28 | Queue | Villager (Male) |
| 16:35 | Queue | Archer |
| 16:40 | Build | Farm |
| 16:43 | Queue | Villager (Male) |
| 16:46 | Build | Farm |
| 16:48 | Build | Farm |
| 16:50 | Queue | Villager (Male) |
| 16:59 | Queue | Archer |
| 16:59 | Queue | Archer |
| 17:10 | Research | Horse Collar |
| 17:19 | Build | Farm |
| 17:23 | Queue | Villager (Male) |
| 17:55 | Queue | Archer |
| 17:55 | Queue | Archer |
| 18:08 | Queue | Villager (Male) |
| 18:10 | Build | Lumber Camp |
| 18:14 | Build | Farm |
| 18:21 | Queue | Archer |
| 18:21 | Queue | Archer |
| 18:28 | Queue | Villager (Male) |
| 18:53 | Build | House |
| 19:00 | Queue | Villager (Male) |
| 19:03 | Build | House |
| 19:06 | Build | House |
| 19:38 | Queue | Archer |
| 20:14 | Queue | Archer |
| 20:14 | Queue | Archer |
| 20:20 | Research | Castle Age |
| 20:20 | Research | Castle Age |
| 20:35 | Queue | Archer |
| 20:49 | Build | Archery Range |
| 20:54 | Build | Palisade Wall |
| 21:27 | Queue | Archer |
| 21:28 | Queue | Archer |
| 21:38 | Queue | Archer |
| 21:44 | Queue | Villager (Male) |
| 22:18 | Queue | Archer |
| 22:18 | Queue | Archer |
| 22:18 | Queue | Archer |
| 22:20 | Queue | Villager (Male) |
| 22:45 | Age | Castle Age |
| 22:50 | Research | Crossbowman (upgrade) |
| 22:52 | Queue | Villager (Male) |
| 22:55 | Build | Town Center |
| 23:05 | Build | Town Center |
| 23:20 | Research | Bodkin Arrow |
| 23:21 | Research | Bodkin Arrow |
| 23:22 | Queue | Villager (Male) |
Match timeline
| 5:00 | minhcrypto91 · first_building Barracks |
| 7:45 | troll_oscuro · wall_segment Palisade Wall x1 |
| 8:00 | troll_oscuro · wall_segment Palisade Wall x1 |
| 8:01 | troll_oscuro · wall_segment Palisade Wall x1 |
| 8:02 | troll_oscuro · wall_segment Palisade Wall x1 |
| 8:09 | troll_oscuro · first_building Barracks |
| 8:27 | troll_oscuro · wall_segment Palisade Wall x1 |
| 8:28 | troll_oscuro · wall_segment Palisade Wall x1 |
| 8:28 | troll_oscuro · wall_segment Palisade Wall x1 |
| 8:29 | troll_oscuro · wall_segment Palisade Wall x1 |
| 8:30 | troll_oscuro · wall_segment Palisade Wall x1 |
| 8:31 | troll_oscuro · wall_segment Palisade Wall x1 |
| 9:10 | troll_oscuro · wall_segment Palisade Wall x1 |
| 9:11 | troll_oscuro · wall_segment Palisade Wall x1 |
| 9:12 | troll_oscuro · wall_segment Palisade Wall x1 |
| 9:14 | troll_oscuro · wall_segment Palisade Wall x1 |
| 9:49 | troll_oscuro · age_up feudal |
| 9:50 | troll_oscuro · first_building Archery Range |
| 10:25 | minhcrypto91 · age_up feudal |
| 10:27 | minhcrypto91 · first_building Archery Range |
| 11:47 | minhcrypto91 · wall_segment Palisade Wall x5 |
| 11:47 | minhcrypto91 · wall_segment Palisade Wall x1 |
| 12:40 | minhcrypto91 · wall_segment Palisade Wall x4 |
| 13:26 | minhcrypto91 · wall_segment Palisade Wall x5 |
| 13:28 | minhcrypto91 · wall_segment Palisade Wall x6 |
| 13:29 | minhcrypto91 · wall_segment Palisade Wall x6 |
| 14:33 | minhcrypto91 · wall_segment Palisade Wall x5 |
| 15:59 | troll_oscuro · wall_segment Palisade Wall x7 |
| 16:00 | troll_oscuro · wall_segment Palisade Wall x1 |
| 16:01 | troll_oscuro · wall_segment Palisade Wall x1 |
| 16:01 | troll_oscuro · wall_segment Palisade Wall x1 |
| 16:22 | minhcrypto91 · wall_segment Palisade Wall x1 |
| 16:58 | troll_oscuro · wall_segment Palisade Wall x9 |
| 19:21 | troll_oscuro · wall_segment Palisade Wall x13 |
| 20:11 | troll_oscuro · wall_segment Palisade Wall x5 |
| 20:14 | troll_oscuro · wall_segment Palisade Wall x4 |
| 20:17 | troll_oscuro · wall_segment Palisade Wall x1 |
| 20:54 | minhcrypto91 · wall_segment Palisade Wall x3 |
| 21:15 | troll_oscuro · wall_segment Palisade Wall x1 |
| 22:30 | troll_oscuro · age_up castle |
| 22:45 | minhcrypto91 · age_up castle |
| 29:57 | minhcrypto91 · first_building Monastery |
| 30:19 | minhcrypto91 · first_building Siege Workshop |
| 32:34 | troll_oscuro · first_building Monastery |
| 33:49 | minhcrypto91 · first_building Stable |
| 36:42 | troll_oscuro · first_building Castle |
| 37:02 | troll_oscuro · age_up imperial |
| 37:36 | minhcrypto91 · age_up imperial |
| 50:07 | minhcrypto91 · first_building Castle |
| 50:32 | minhcrypto91 · resign |
[ AI ANALYSIS · 1 CREDIT ]
What really happened in this match?
Wolo.gg analyzes every decision: build order, eco, micro, common mistakes by bracket. Personalized analysis on WhatsApp or Discord in 30 seconds.
Civ guide
Burgundians
Perfil
Jugador #19259547